Map: Newkirk Precinct TE (Void)

Players

Railgan

  • Race: Zerg Zerg
  • League: Grandmaster
  • Spawn Location: 7:00

Raze - Winner!

  • Race: Terran Terran
  • League: Grandmaster
  • Spawn Location: 5:00

VOD

Have the link to the VOD?

Description

Time

  • Played on: March 20, 2017, 7:09 p.m.
  • Length: 13:54
Show
View Real Time Build Order
Export as new Build Order

Railgan Zerg 

Build Orders: Pool First 

Get SALT Encoding   

  12  0:02  Drone  
  13  0:13  Overlord  
  13  0:18  Drone  
  14  0:31  Drone x2  
  14  0:35  Drone  
  17  0:45  Drone  
  18  0:50  Spawning Pool  
  17  0:57  Drone  
  18  1:14  Extractor, Hatchery  
  18  1:18  Drone  
  17  1:21  Drone  
  18  1:29  Drone  
  19  1:37  Queen  
  19  1:39  Zergling x2  
  22  1:50  Overlord  
  23  2:08  Drone  
  23  2:11  Drone  
  23  2:13  Queen  
  26  2:23  Drone  
  26  2:27  Drone, Queen  
  26  2:29  Metabolic Boost  
  30  2:33  Drone  
  32  2:37  Drone  
  32  2:45  Overlord  
  32  2:48  Drone  
  33  2:51  Drone  
  33  2:52  Drone x2  
  36  3:03  Overlord  
  36  3:04  Drone  
  37  3:07  Drone  
  38  3:13  Drone  
  38  3:14  Evolution Chamber  
  38  3:19  Evolution Chamber  
  36  3:20  Drone x2  
  38  3:27  Zergling x4  
  38  3:28  Zergling x2  
  38  3:31  Zergling x2  
  42  3:35  Drone  
  42  3:37  Drone x2, Overlord  
  42  3:40  Extractor, Zerg Melee Weapons Level 1  
  44  3:45  Drone  
  45  3:48  Zerg Ground Armor Level 1  
  45  3:50  Drone  
  46  3:56  Queen  
  46  3:57  Drone x2  
  50  4:04  Zergling x6  
  53  4:11  Overlord  
  53  4:14  Drone  
  54  4:17  Drone  
  54  4:19  Drone  
  54  4:22  Zergling x2  
  55  4:28  Drone x3  
  55  4:29  Lair  
  55  4:30  Drone x2  
  58  4:32  Zergling x2  
  58  4:34  Queen  
  61  4:45  Extractor, Baneling Nest  
  59  4:46  Extractor, Zergling x2  
  59  4:47  Overlord, Zergling x2  
  58  4:53  Drone x2  
  58  4:55  Evolution Chamber, Spore Crawler  
  55  5:00  Spore Crawler  
  55  5:04  Drone x2  
  54  5:11  Drone x2  
  54  5:14  Drone x2  
  54  5:16  Drone  
  54  5:17  Drone  
  57  5:24  Drone  
  59  5:37  Infestation Pit, Zergling x4  
  59  5:38  Zergling x6  
  63  5:43  Drone  
  63  5:44  Queen x2  
  66  5:57  Zergling x4  
  66  6:00  Zergling x2  
  59  6:04  Zergling x2  
  59  6:09  Zergling x2  
  59  6:10  Zergling x4  
  61  6:15  Zergling x4  
  61  6:17  Zergling x2  
  64  6:21  Overseer  
  62  6:33  Drone x6  
  62  6:39  Zerg Melee Weapons Level 2  
  68  6:40  Zerg Ground Armor Level 2  
  68  6:47  Overlord  
  68  6:51  Overlord  
  68  6:52  Hatchery  
  65  6:57  Spire  
  64  7:02  Drone, Overlord  
  65  7:13  Drone, Overlord  
  65  7:14  Baneling Nest  
  65  7:21  Zergling x6  
  68  7:24  Drone x2  
  68  7:26  Hive  
  68  7:29  Infestor  
  72  7:32  Infestor  
  74  7:43  Zergling x2  
  74  7:44  Zergling x6  
  76  7:55  Zergling x2  
  76  7:56  Zergling x10  
  82  8:00  Baneling x5  
  80  8:12  Zergling x2  
  75  8:13  Zergling x8  
  75  8:17  Zergling x2, Queen  
  63  8:23  Zergling x2  
  57  8:27  Mutalisk  
  57  8:28  Mutalisk  
  57  8:31  Zergling x2  
  55  8:43  Queen  
  57  8:49  Extractor  
  57  8:52  Corruptor x2  
  57  8:53  Queen  
  59  9:08  Corruptor x2  
  62  9:15  Hatchery  
  61  9:19  Queen  
  61  9:21  Hatchery  
  62  9:26  Corruptor  
  64  9:40  Corruptor  
  66  9:46  Greater Spire  
  66  9:47  Corruptor  
  66  9:49  Corruptor x2  
  72  9:57  Corruptor  
  72  9:58  Zergling x4  
  76  10:08  Pneumatized Carapace  
  76  10:25  Overlord  
  76  10:30  Drone x8  
  76  10:32  Extractor  
  76  10:34  Spore Crawler  
  76  10:35  Extractor  
  81  10:37  Zergling x4  
  81  10:39  Zergling x4  
  85  10:44  Overlord  
  85  10:59  Zergling x12  
  85  11:01  Overlord  
  91  11:08  Drone x7  
  91  11:09  Baneling x4  
  91  11:10  Baneling  
  98  11:21  Brood Lord x3  
  98  11:22  Brood Lord  
  106  11:26  Brood Lord  
  108  11:33  Brood Lord  
  108  11:36  Corruptor  
  112  11:41  Zergling x2  
  112  11:42  Zergling x4  
  105  11:54  Corruptor  
  105  12:00  Zergling x2  
  100  12:04  Zergling x2  
  100  12:05  Zergling x8  
  103  12:10  Brood Lord  
  103  12:15  Brood Lord  
  103  12:21  Zergling x14  
  103  12:22  Zergling x2  
  97  12:23  Zergling x2  
  93  12:32  Brood Lord  
  93  12:33  Brood Lord  
  93  12:35  Corruptor x2  
  101  12:37  Zergling x2  
  102  12:45  Corruptor  
  102  12:56  Corruptor  
  102  12:57  Brood Lord  
  102  13:09  Corruptor  
  102  13:10  Corruptor  
  101  13:20  Overseer  
Show
View Real Time Build Order
Export as new Build Order

Raze Terran - Winner!

Build Orders: Reaper Expand, Hellion Banshee, Mech 

Get SALT Encoding   

  12  0:00  SCV  
  13  0:12  SCV  
  14  0:17  Supply Depot  
  14  0:24  SCV  
  15  0:29  Refinery  
  15  0:39  SCV  
  16  0:45  Barracks  
  16  0:51  SCV  
  17  1:03  SCV  
  18  1:15  SCV  
  19  1:32  Reaper, Orbital Command  
  20  1:43  Command Center  
  20  1:54  Factory  
  20  1:58  SCV  
  21  2:07  Supply Depot  
  21  2:08  Barracks Reactor  
  21  2:12  SCV  
  22  2:18  Refinery  
  22  2:24  SCV  
  23  2:36  SCV  
  24  2:46  Starport  
  24  2:48  SCV  
  25  2:52  Hellion x2  
  25  2:53  Barracks Tech Lab  
  29  2:58  Orbital Command  
  29  3:00  SCV  
  30  3:13  SCV  
  31  3:21  Hellion x2  
  31  3:25  SCV  
  31  3:26  SCV  
  37  3:32  Cloaking Field  
  37  3:35  Banshee  
  37  3:37  SCV  
  37  3:38  SCV  
  42  3:42  Supply Depot  
  42  3:53  Hellion x2  
  46  4:02  SCV  
  46  4:04  SCV  
  46  4:06  Supply Depot  
  47  4:14  Hellion, SCV  
  47  4:15  Hellion  
  47  4:16  SCV  
  53  4:27  Viking  
  53  4:29  Command Center  
  55  4:33  Supply Depot, SCV x2  
  57  4:38  Armory  
  57  4:46  Supply Depot, SCV x2  
  59  4:57  Hellion x2  
  59  4:58  Banshee, SCV  
  59  4:59  SCV  
  68  5:10  SCV  
  69  5:18  SCV  
  69  5:19  Hellion x2  
  74  5:23  SCV  
  75  5:29  Terran Vehicle Weapons Level 1, Refinery x2  
  75  5:33  SCV  
  75  5:35  SCV  
  77  5:36  Factory x2  
  77  5:42  Hellion x2  
  81  5:44  Banshee  
  81  5:47  SCV  
  85  5:51  Supply Depot  
  85  5:52  Orbital Command  
  85  5:58  SCV  
  85  5:59  SCV  
  85  6:02  Barracks Tech Lab  
  85  6:04  Hellion  
  79  6:10  SCV  
  73  6:14  SCV  
  70  6:19  Hellion x2  
  70  6:22  SCV  
  73  6:26  SCV  
  74  6:33  Orbital Command  
  74  6:34  Banshee, SCV  
  74  6:36  Hyperflight Rotors  
  78  6:41  SCV  
  78  6:44  Hellion x2  
  78  6:45  Factory Tech Lab  
  83  6:54  SCV x2  
  83  7:01  Siege Tank  
  88  7:04  SCV  
  88  7:05  Siege Tank  
  88  7:06  SCV x2  
  88  7:08  Engineering Bay  
  94  7:10  Supply Depot  
  94  7:16  Hellion, Supply Depot, SCV  
  94  7:18  Supply Depot, SCV  
  94  7:19  SCV  
  99  7:28  Terran Vehicle Weapons Level 2  
  99  7:30  Supply Depot  
  99  7:31  Banshee, Supply Depot, SCV  
  99  7:32  SCV x2  
  99  7:36  Refinery  
  105  7:37  Refinery  
  105  7:43  SCV  
  105  7:44  SCV  
  100  7:48  SCV  
  98  7:56  SCV x2  
  99  8:00  SCV  
  100  8:08  SCV  
  98  8:14  Banshee  
  98  8:17  SCV x2  
  98  8:19  Siege Tank x2, Hellion x2  
  102  8:28  SCV  
  102  8:29  SCV  
  100  8:35  Refinery  
  96  8:45  Command Center  
  96  8:48  Widow Mine x2  
  98  8:49  Missile Turret  
  98  8:50  Thor x2  
  112  8:57  Banshee  
  112  9:00  SCV x3  
  114  9:07  Missile Turret  
  114  9:10  Missile Turret  
  114  9:11  Missile Turret x2  
  114  9:12  SCV  
  114  9:16  Widow Mine x2  
  116  9:17  Drilling Claws  
  117  9:27  SCV  
  116  9:32  SCV x2  
  116  9:37  Missile Turret  
  118  9:46  Missile Turret  
  118  9:49  Banshee  
  121  9:53  Terran Vehicle Weapons Level 3  
  121  9:55  Armory  
  121  9:56  Thor x2  
  121  9:58  SCV x2  
  121  9:59  Orbital Command  
  135  10:11  Hellion  
  135  10:12  Hellion  
  139  10:18  Missile Turret  
  139  10:20  SCV  
  140  10:21  Missile Turret  
  140  10:22  Sensor Tower  
  140  10:27  SCV x2  
  140  10:28  Supply Depot x2  
  142  10:29  Supply Depot  
  142  10:30  SCV  
  142  10:32  Banshee, SCV  
  142  10:34  Refinery x2  
  147  10:46  Thor  
  147  10:47  Thor  
  147  10:48  Widow Mine  
  161  11:00  Missile Turret x2  
  161  11:02  Missile Turret  
  161  11:05  Terran Vehicle And Ship Armor Level 1  
  161  11:07  Missile Turret  
  161  11:11  Factory  
  161  11:13  Factory  
  161  11:16  Sensor Tower  
  161  11:28  Widow Mine  
  161  11:29  Widow Mine  
  161  11:32  Banshee  
  168  11:34  Thor x2  
  150  12:11  Factory Reactor, Factory Tech Lab, Widow Mine x2  
  151  12:17  Thor x2  
  127  12:30  Starport  
  127  12:31  Starport x2  
  127  12:34  Command Center  
  127  12:36  Raven  
  123  12:39  Widow Mine  
  123  12:40  Widow Mine  
  123  12:43  Widow Mine  
  129  12:55  SCV x2  
  119  12:59  Widow Mine x2  
  120  13:08  Widow Mine  
  120  13:10  Viking x3, SCV  
  120  13:11  SCV x2  
  128  13:14  Widow Mine x3  
  128  13:19  Viking  
Tags
 
Add a new tag
Caveats
  • Supply blocks, unpowered buildings, or Contaminate may cause inaccurate times.
  • Supply counts are checked every 10 seconds.